 Dungeon Crawl Stone Soup version 0.30-a0-118-ga018f8e90f (webtiles) character file.

Game seed: 11640859241029833921

35 Newt the Trooper (level 3, -6/28 HPs)
             Began as a Demonspawn Gladiator on Sept 13, 2022.
             Was an Initiate of Dithmenos.
             Splashed by a jelly's acid (8 damage)
             ... on level 4 of the Dungeon.
             The game lasted 00:01:19 (1315 turns).

Newt the Trooper (Demonspawn Gladiator)             Turns: 1315, Time: 00:01:20

Health: -6/28      AC:  1    Str: 16    XL:     3   Next: 16%
Magic:  3/3        EV: 12    Int:  9    God:    Dithmenos [......]
Gold:   55         SH:  0    Dex: 14    Spells: 2/2 levels left

rFire   . . .      SeeInvis .    a - +0 rapier
rCold   . . .      Faith    .    (no shield)
rNeg    . . .      Spirit   .    b - +0 leather armour
rPois   .          Reflect  .    c - +0 helmet
rElec   .          Harm     .    (no cloak)
rCorr   .          Rampage  .    i - +0 pair of gloves
Will    .....                    (no boots)
Stlth   ++........               (no amulet)
HPRegen 0.09/turn                (no ring)
MPRegen 0.08/turn                (no ring)

@: corroded
A: powered by pain 1
a: Renounce Religion


You were on level 4 of the Dungeon.
You worshipped Dithmenos.
Dithmenos was noncommittal.
You visited 2 branches of the dungeon, and saw 4 of its levels.

You collected 55 gold pieces.

Inventory:

Hand Weapons
 a - a +0 rapier (weapon)
 j - a +0 morningstar of holy wrath
Missiles
 d - 3 throwing nets (quivered)
Armour
 b - a +0 leather armour (worn)
 c - a +0 helmet (worn)
 i - a +0 pair of gloves (worn)
Wands
 m - a wand of paralysis (7)
Scrolls
 f - 3 scrolls of identify {unknown}
 h - a scroll of noise {unknown}
 k - a scroll of magic mapping {unknown}
 l - a scroll of torment {unknown}
Potions
 g - a potion of haste {unknown}


   Skills:
 + Level 2.9 Fighting
 - Level 2.6 Short Blades
 - Level 1.7 Throwing
 - Level 2.6 Dodging
 - Level 2.0 Stealth


You had 2 spell levels left.
You didn't know any spells.
Your spell library was empty.

Dungeon Overview and Level Annotations

Branches:
Dungeon (4/15)             Temple (1/1) D:4

Altars:
Cheibriados
Dithmenos
Fedhas
Kikubaaqudgha
Makhleb
Nemelex Xobeh
Okawaru
Qazlal
Ru
Sif Muna
Wu Jian
Yredelemnul


Innate Abilities, Weirdness & Mutations

You sometimes gain a little power by taking damage.


Message History

There are monsters nearby!
The ball python bites you. The ball python closely misses you.
There is an open door, spattered with blood here.
You hit the jelly but do no damage.
Your hands burn!
The ball python bites you but does no damage.
The ball python grabs you. The ball python constricts you.
The jelly closely misses you.
You closely miss the ball python. The ball python bites you.
The ball python constricts you. The jelly hits you but does no damage.
You hit the ball python.
You kill the ball python!
Dithmenos accepts your kill. The jelly misses you.
You hit the jelly. The acid corrodes you!
Your hands burn!
The jelly is lightly wounded.
The jelly hits you.
You are splashed with acid!
* * * LOW HITPOINT WARNING * * *
You are too injured to fight recklessly!
You are too injured to fight recklessly!
You are too injured to fight recklessly!
You are too injured to fight recklessly!
You are too injured to fight recklessly!
You are too injured to fight recklessly!
You are too injured to fight recklessly!
You are too injured to fight recklessly!
You are too injured to fight recklessly!
You are too injured to fight recklessly!
You are too injured to fight recklessly!
You are too injured to fight recklessly!
You are too injured to fight recklessly!
Unknown command.
Throw: javelin
Press: ? - help, Shift-Dir - straight line, f - jelly
Aim: a jelly (lightly wounded, 89% to hit)
You throw a javelin.
The javelin completely misses the jelly.
The jelly hits you.
* * * LOW HITPOINT WARNING * * *
You are splashed with acid!
You die...

# .#### ....# ##.. ## ###
### ##.# ... # .. .. #
.#.##.#. .#.#.#.#.#.#.#.
......w. ......J†.......
....#### #######@###########
........ ........).........#
...####...........#........#
....#....#.......##..#.#.###
...##....####[..###..##..#
.........##.##.#####.....#
.P...#............##.....##
>..........##.....###.....#
.P.........###.....###..###


You could see a jelly.

Vanquished Creatures
  An endoplasm (D:1)
  2 giant cockroaches
  2 goblins (D:1)
  4 hobgoblins (D:1)
  3 jackals (D:1)
  3 kobolds
  A quokka (D:4)
  7 ball pythons
  4 bats (D:1)
  A frilled lizard (D:1)
  A rat (D:1)
29 creatures vanquished.

Notes
Turn   | Place    | Note
-------+----------+-------------------------------------------
     0 | D:1      | Newt the Demonspawn Gladiator began the quest for the Orb.
     0 | D:1      | Reached XP level 1. HP: 16/16 MP: 1/1
    74 | D:1      | Reached skill level 1 in Stealth
   171 | D:1      | Gained mutation: You sometimes gain a little power by
                  | taking damage. [demonic ancestry]
   171 | D:1      | Reached XP level 2. HP: 22/22 MP: 2/2
   691 | D:1      | Reached XP level 3. HP: 21/28 MP: 3/3
  1130 | D:2      | You fall into a shaft and drop 2 floors!
  1164 | D:4      | Found a staircase to the Ecumenical Temple.
  1176 | Temple   | Entered the Ecumenical Temple
  1222 | Temple   | Became a worshipper of Dithmenos the Shadowed
  1315 | D:4      | Splashed by a jelly's acid

Illustrated notes

Levels and vault maps discovered:
D:1:      lightli_arrival_farm, layout_rooms, serial_bayou_pond_b,
          amcnicky_mini_pool_small, roderic_lattice_a
D:2:      layout_basic, basic_altar
D:4:      layout_cave_pools, minmay_temple_entry_trees,
          hangedman_abyss_or_decor_stabs, hangedman_minor_gate_pass,
          uniq_crazy_yiuf_cottage
Temple:   nicolae_temple_god_jail

Skill      XL: |  1  2 |
---------------+-------+-----
Stealth        | 1 2 |  2.0
Fighting       | |  2.9
Short Blades   | |  2.6
Throwing       | |  1.7
Dodging        | |  2.6

Action                   || total
-------------------------++-------
Melee: Rapier            ||    81
Throw: Javelin           ||     1
 Stab: Sleeping          ||     6
Armor: Leather armour    ||    30
Dodge: Dodged            ||    59

Table legend: (Time is in decaauts)
 A = Elapsed time spent in this place.
 B = Non-inter-level travel time spent in this place.
 C = Inter-level travel time spent in this place.
 D = Time resting spent in this place.
 E = Time spent auto-exploring this place.
 F = Levels seen in this place.
 G = Mean time per level.
                   A        B        C        D        E       F      G
               +--------+--------+--------+--------+--------+-----+--------+
         Total |   1347 |   1269 |     78 |      0 |   1011 |   4 |  336.8 |
       Dungeon |   1283 |   1222 |     61 |      0 |    982 |   3 |  427.7 |
        Temple |     63 |     46 |     17 |      0 |     29 |   1 |   63.0 |
               +--------+--------+--------+--------+--------+-----+--------+

Top non-repeatable levels by time:
     D:1: 1161 daAuts
     D:4: 122 daAuts
  Temple: 63 daAuts
